 Dungeon Crawl Stone Soup version 0.31-a0-988-g08d55dae12 (webtiles) character file.

Game seed: 12157382647137822241

13542 Flugkiller the Zephyrmancer (level 11, -4/77 HPs)
             Began as a Mummy Air Elementalist on Nov 6, 2023.
             Was a Believer of Hepliaklqana.
             Shot with an arrow by a centaur (7 damage)
             ... on level 10 of the Dungeon.
             The game lasted 00:29:41 (13058 turns).

Flugkiller the Zephyrmancer (MuAE)                 Turns: 13058, Time: 00:29:41

Health: -4/77      AC:  8    Str: 18    XL:     11   Next: 77%
Magic:  11/32      EV: 13    Int: 28    God:    Hepliaklqana [**....]
Gold:   1148       SH:  0    Dex: 12    Spells: 16/26 levels left

rFire   + . .        r - +8 hand axe "Zuaxotsaikh" {spect, *Corrode rF+ rN+}
rCold   + . .        (no shield)
rNeg    + + +        G - +0 swamp dragon scales
rPois   ∞            y - +0 helmet
rElec   +            D - +1 cloak
rCorr   .            x - +2 pair of gloves
SInv    +            h - +0 pair of boots of Instinct {rElec Str+2}
Will    +....        f - amulet of the Threshing Gods {RegenMP Int+4}
Stlth   +            p - ring of protection from fire
HPRegen 0.32/turn    a - ring of Medeot {MP+9 Str+3 Int+6 SInv}
MPRegen 0.63/turn

%: corrode self (3%), faith
@: corroded
A: reduced essence, cold resistance 1, negative energy resistance 3, torment
resistance 2, heat vulnerability 1, in touch with death 1, no potions, faith
a: Renounce Religion, Recall Ancestor, Ancestor Identity


You were on level 10 of the Dungeon.
You worshipped Hepliaklqana.
Hepliaklqana was pleased with you.
You visited 2 branches of the dungeon, and saw 11 of its levels.
You also visited: Ossuary.

You collected 1148 gold pieces.

Inventory:

Hand Weapons
 e - a +0 spectral quarterstaff
   (You found it on level 3 of the Dungeon)
 r - the +8 hand axe "Zuaxotsaikh" (weapon) {spect, *Corrode rF+ rN+}
   (You found it on level 8 of the Dungeon)

   rF+:       It protects you from fire.
   rN+:       It protects you from negative energy.
   *Corrode:  It may corrode you when you take damage.
 s - the +2 lajatang "Avoaf Yhu" {flame, rCorr Str-2 Int+3 SInv}
   (You found it on level 3 of the Dungeon)

   Str-2:     It affects your strength (-2).
   Int+3:     It affects your intelligence (+3).
   SInv:      It lets you see invisible.
   rCorr:     It protects you from acid and corrosion.
Missiles
 o - 3 throwing nets
 w - 22 poisoned darts
Armour
 c - a +0 buckler
   (You found it on level 1 of the Dungeon)
 h - the +0 pair of boots of Instinct (worn) {rElec Str+2}
   (You acquired it on level 9 of the Dungeon)

   Str+2:     It affects your strength (+2).
   rElec:     It insulates you from electricity.
 u - a +0 leather armour of willpower
   (You found it on level 3 of the Dungeon)
 x - a +2 pair of gloves (worn)
   (You found it on level 5 of the Dungeon)
 y - a +0 helmet (worn)
   (You found it on level 5 of the Dungeon)
 B - a +0 pair of boots
   (You found it on level 6 of the Dungeon)
 D - a +1 cloak (worn)
   (You found it on level 7 of the Dungeon)
 G - +0 swamp dragon scales (worn)
   (You took it off Maggie on level 8 of the Dungeon)
Magical Staves
 l - a staff of death
   (You found it on level 2 of the Dungeon)
Jewellery
 a - the ring of Medeot (right hand) {MP+9 Str+3 Int+6 SInv}
   (You acquired it on level 9 of the Dungeon)

   [ring of intelligence]

   Str+3:     It affects your strength (+3).
   Int+6:     It affects your intelligence (+6).
   MP+9:      It affects your magic capacity (+9).
   SInv:      It lets you see invisible.
 f - the amulet of the Threshing Gods (around neck) {RegenMP Int+4}
   (You acquired it on level 9 of the Dungeon)

   [amulet of magic regeneration]

   RegenMP:   It increases your rate of magic regeneration.
   Int+4:     It affects your intelligence (+4).
 p - a ring of protection from fire (left hand)
   (You found it on level 2 of the Dungeon)
 C - an amulet of regeneration
   (You found it on level 7 of the Dungeon)
 E - the amulet of Elemental Vulnerability {rPois rF-- rC-- AC+8}
   (You found it on level 5 of the Dungeon)

   [amulet of nothing]

   AC+8:      It affects your AC (+8).
   rF--:      It makes you very vulnerable to fire.
   rC--:      It makes you very vulnerable to cold.
   rPois:     It protects you from poison
Wands
 b - a wand of digging (8)
   (You found it on level 8 of the Dungeon)
 j - a wand of charming (4)
   (You found it on level 7 of the Dungeon)
 F - a wand of flame (14)
   (You took it off Maurice on level 8 of the Dungeon)
Scrolls
 d - a scroll of revelation
 g - a scroll of fog
 i - 2 scrolls of immolation
 k - 4 scrolls of enchant weapon
 m - a scroll of vulnerability {unknown}
 q - a scroll of poison
 t - 3 scrolls of teleportation
 v - a scroll of fear
 z - 2 scrolls of blinking


   Skills:
 - Level 8.0 Fighting
 + Level 6.0 Armour
 - Level 6.0 Dodging
 - Level 1.5 Stealth
 - Level 8.0 Spellcasting
 - Level 2.0 Conjurations
 - Level 11.0 Air Magic


You had 16 spell levels left.
You knew the following spells:

 Your Spells              Type           Power      Damage    Failure   Level
a - Shock                 Conj/Air       100%       1d9       1%          1
b - Static Discharge      Conj/Air       94%        3-7/arc   1%          2
c - Airstrike             Air            32%        2d(5-21)  1%          4
w - Swiftness             Air            64%        N/A       1%          3

Your spell library contained the following spells:

 Spells                   Type           Power      Damage    Failure   Level
 Summon Small Mammal      Summ           44%        N/A       9%          1
 Lesser Beckoning         Tloc           22%        N/A       12%         2
 Dazzling Flash           Conj/Hex       32%        N/A       16%         3
 Call Canine Familiar     Summ           11%        N/A       24%         3
 Gell's Gravitas          Tloc           11%        N/A       24%         3
 Summon Guardian Golem    Hex/Summ       11%        N/A       24%         3
 Teleport Other           Tloc           11%        N/A       24%         3
 Silence                  Hex/Air        21%        N/A       24%         5
 Anguish                  Hex/Necr       8%         N/A       63%         4
 Cause Fear               Hex            5%         N/A       63%         4
 Agony                    Necr           16%        N/A       92%         5
 Enfeeble                 Hex            5%         N/A       100%        7


Dungeon Overview and Level Annotations

Branches:
Dungeon (10/15) Zot: 25860  Temple (1/1) D:7 Zot: 5977     Orc (0/2) D:9
Ossuary (visited)
   Lair: D:8-11

Altars:
Ashenzari
Cheibriados
Dithmenos
Fedhas
Gozag
Hepliaklqana
Kikubaaqudgha
Makhleb
Nemelex Xobeh
Okawaru
Qazlal
Ru
Sif Muna
Trog
Uskayaw
Vehumet
Wu Jian
Xom
Yredelemnul

Annotations:
D:3 exclusion: black bear


Innate Abilities, Weirdness & Mutations

Your life essence is reduced to manifest your ancestor. (-10% HP)
You are immune to poison.
Your flesh is cold resistant. (rC+)
You are immune to negative energy. (rN+++)
You are immune to unholy pain and torment.
You are vulnerable to heat. (rF-)
You are in touch with the powers of death.
You do not drink.
You have a special connection with the divine. (Faith)


Message History

Press: ? - help, Shift-Dir - straight line The zap hits the yak.
The yak is almost dead.
The zap hits the yak.
The yak is almost dead.
The yak barely misses you.
Casting: Shock (safe; 1% risk of failure)
Confirm with . or Enter, or press ? or * to list all spells.
Aiming: Shock (safe; 1% risk of failure)
Press: ? - help, Shift-Dir - straight line The zap misses the yak.
The zap hits the yak but does no damage.
The yak is almost dead.
The yak barely misses you.
Casting: Shock (safe; 1% risk of failure)
Confirm with . or Enter, or press ? or * to list all spells.
Aiming: Shock (safe; 1% risk of failure)
Press: ? - help, Shift-Dir - straight line The zap hits the yak!
You kill the yak!
Training target 6.0 for Armour reached!
Your Armour skill increases to level 6!
You need to enable at least one skill for training.
Casting: Shock (safe; 1% risk of failure)
Confirm with . or Enter, or press ? or * to list all spells.
Aiming: Shock (safe; 1% risk of failure)
Press: ? - help, Shift-Dir - straight line The zap hits the gargoyle.
The gargoyle resists.
The gargoyle is lightly damaged.
The zap hits the gargoyle but does no damage.
The gargoyle is lightly damaged.
The gargoyle hits you but does no damage.
Casting: Shock (safe; 1% risk of failure)
Confirm with . or Enter, or press ? or * to list all spells.
Aiming: Shock (safe; 1% risk of failure)
Press: ? - help, Shift-Dir - straight line The zap hits the gargoyle but does no damage.
The gargoyle is lightly damaged.
The zap hits the gargoyle.
The gargoyle completely resists.
The gargoyle is lightly damaged.
The gargoyle hits you but does no damage.
Casting: Shock (safe; 1% risk of failure)
Confirm with . or Enter, or press ? or * to list all spells.
Aiming: Shock (safe; 1% risk of failure)
Press: ? - help, Shift-Dir - straight line The zap hits the gargoyle.
The gargoyle resists.
The gargoyle is lightly damaged.
The zap hits the gargoyle but does no damage.
The gargoyle is lightly damaged.
The yak gores you but does no damage. The gargoyle hits you with a +0 mace.
Your corrosive artefact corrodes you!
Casting: Shock (safe; 1% risk of failure)
Confirm with . or Enter, or press ? or * to list all spells.
Aiming: Airstrike (dangerous; 1% risk of failure)
Press: ? - help, Dir - move target, f - gargoyle
Aim: a gargoyle, wielding a +0 mace (lightly damaged, empty space bonus: 2/8)
The air twists around and strikes the gargoyle but does no damage.
The yak gores you! The gargoyle hits you with a +0 mace!
Casting: Airstrike (dangerous; 1% risk of failure)
Confirm with . or Enter, or press ? or * to list all spells.
Aiming: Airstrike (dangerous; 1% risk of failure)
Press: ? - help, Dir - move target, f/p - gargoyle
Aim: a gargoyle, wielding a +0 mace (lightly damaged, empty space bonus: 2/8)
The air twists around and strikes the gargoyle.
The gargoyle is moderately damaged.
The yak closely misses you. The gargoyle barely misses you.
Casting: Airstrike (dangerous; 1% risk of failure)
Confirm with . or Enter, or press ? or * to list all spells.
Aiming: Airstrike (dangerous; 1% risk of failure)
Press: ? - help, Dir - move target, f/p - gargoyle
Aim: a gargoyle, wielding a +0 mace (moderately damaged, empty space bonus: 2/8)
The air twists around and strikes the gargoyle but does no damage.
The yak gores you but does no damage.
The gargoyle hurls a stone arrow at you.
The stone arrow hits you!
Casting: Airstrike (dangerous; 1% risk of failure)
Confirm with . or Enter, or press ? or * to list all spells.
Aiming: Airstrike (dangerous; 1% risk of failure)
Press: ? - help, Dir - move target, f/p - gargoyle
Aim: a gargoyle, wielding a +0 mace (moderately damaged, empty space bonus: 2/8)
The air twists around and strikes the gargoyle but does no damage.
The yak gores you!
The gargoyle hurls a stone arrow at you.
The stone arrow hits you!!
* * * LOW HITPOINT WARNING * * *
Your corrosive artefact corrodes you!
Casting: Airstrike (dangerous; 1% risk of failure)
Confirm with . or Enter, or press ? or * to list all spells.
Aiming: Airstrike (dangerous; 1% risk of failure)
Press: ? - help, Dir - move target, f/p - gargoyle
Aim: a gargoyle, wielding a +0 mace (moderately damaged, empty space bonus: 2/8)
Okay, then.
Blink to where?
Press: ? - help, Dir - move target, p - gargoyle A centaur comes into view.
As you read the scroll of blinking, it crumbles to dust.
The steam dragon hisses angrily.
The centaur wields a +0 orcbow.
The centaur shoots an arrow.
The arrow barely misses you.
The centaur shoots an arrow.
The arrow hits you!
You die...

Y?Y..#9Y.###.'...
..g##§..##..#.!.
####.......##...
#........#####..)
##.......# #... .
#.......# #...
#.. #.......#
#...
#...###....#####
##.. #.....@.##.
#####
##.#....c.....
#....
#............
###....
###..........
#......
#..........
..#....
#....D..... #
#.... #..........
#.... ###########
#.... #....


You could see a steam dragon and a centaur.

Vanquished Creatures
  Fannar (D:10)
  A two-headed ogre (D:9)
  Erica (D:8)
  Joseph (D:7)
  Maurice (D:8)
  A gargoyle (D:10)
  Maggie (D:8)
  Psyche (D:10)
  3 hornets
  A shadow (D:10)
  22 yaks
  2 wyverns
  2 steam dragons
  Menkaure (Ossuary)
  An acid dragon (D:10)
  A water moccasin (D:5)
  7 orc warriors
  2 black bears
  A centaur (D:7)
  A kobold brigand (D:9)
  4 bullfrogs
  2 gnoll sergeants (D:10)
  4 scorpions
  An elf skeleton (D:6)
  24 wights
  10 killer bees (D:10)
  3 howler monkeys
  2 jellies
  3 human zombies (D:6)
  A gnoll bouda (D:4)
  4 hounds
  6 orc priests
  An iron imp (D:6)
  A sleepcap (D:4)
  6 orc wizards
  2 human skeletons (D:6)
  7 iguanas
  3 mummies (Ossuary)
  17 gnolls
  6 adders
  2 shadow imps
  6 white imps
  3 ufetubi (D:6)
  3 worms (D:4)
  3 dart slugs
  45 orcs
  6 bats
  12 endoplasms
  6 giant cockroaches
  6 hobgoblins
  9 jackals
  2 quokkas
  9 ball pythons
  4 frilled lizards
  8 gnoll skeletons (Ossuary)
  A gnoll zombie (Ossuary)
  A goblin (D:4)
  4 goblin skeletons (Ossuary)
  3 goblin zombies (Ossuary)
  A hobgoblin skeleton (Ossuary)
  3 hobgoblin zombies (Ossuary)
  7 kobolds
  2 kobold skeletons (Ossuary)
  7 kobold zombies (Ossuary)
  3 orc skeletons (Ossuary)
  7 orc zombies (Ossuary)
  7 rats
  7 rat skeletons (Ossuary)
  4 rat zombies (Ossuary)
340 creatures vanquished.

Vanquished Creatures (collateral kills)
  A yak (D:10)
  3 orc warriors (D:10)
  A centaur (D:10)
  A killer bee (D:10)
  3 orc wizards
  11 orcs
  A kobold (D:9)
21 creatures vanquished.

Vanquished Creatures (others)
  6 ancestors
  A battlemage (D:10)
  An ufetubus (D:6)
8 creatures vanquished.

Grand Total: 369 creatures vanquished

Notes
Turn   | Place    | Note
-------+----------+-------------------------------------------
     0 | D:1      | Flugkiller the Mummy Air Elementalist began the quest for
                  | the Orb.
     0 | D:1      | Reached XP level 1. HP: 13/13 MP: 4/4
    69 | D:1      | Reached skill level 1 in Conjurations
   247 | D:1      | Reached XP level 2. HP: 19/19 MP: 3/6
   474 | D:1      | Reached skill level 3 in Air Magic
   664 | D:1      | Reached skill level 1 in Fighting
   717 | D:1      | Found a faded altar of an unknown god.
   861 | D:1      | Reached XP level 3. HP: 26/26 MP: 1/7
  1763 | D:2      | Reached XP level 4. HP: 16/32 MP: 2/10
  2548 | D:2      | Reached XP level 5. HP: 37/37 MP: 5/11
  2593 | D:2      | Learned a level 2 spell: Static Discharge
  3065 | D:3      | Reached skill level 4 in Air Magic
  3143 | D:3      | Noticed a black bear
  3262 | D:3      | Identified the +2 lajatang "Avoaf Yhu" {flame, rCorr Str-2
                  | Int+3 SInv}
  3677 | D:4      | Learned a level 3 spell: Swiftness
  3682 | D:4      | Learned a level 4 spell: Airstrike
  3753 | D:4      | Reached XP level 6. HP: 43/43 MP: 8/12
  3892 | D:4      | Reached skill level 5 in Air Magic
  4470 | D:4      | Reached XP level 7. HP: 41/50 MP: 8/13
  4697 | D:4      | Reached skill level 6 in Air Magic
  4942 | D:5      | Entered Level 5 of the Dungeon
  5311 | D:5      | Reached skill level 7 in Air Magic
  5391 | D:5      | Found a blossoming altar of Fedhas.
  5405 | D:5      | Found a basalt altar of Yredelemnul.
  5684 | D:5      | Found the amulet of Elemental Vulnerability {rPois rF--
                  | rC-- AC+8}
  5948 | D:6      | Reached XP level 8. HP: 53/56 MP: 7/15
  6012 | D:6      | Reached skill level 5 in Spellcasting
  6294 | D:6      | Reached skill level 8 in Air Magic
  6350 | D:6      | Found a sand-covered staircase.
  6361 | Ossuary  | Entered an ossuary
  6683 | Ossuary  | Noticed Menkaure
  6695 | Ossuary  | Killed Menkaure
  7042 | D:6      | Found a snail-covered altar of Cheibriados.
  7191 | D:6      | Reached XP level 9. HP: 63/63 MP: 18/18
  7634 | D:7      | Reached skill level 9 in Air Magic
  8129 | D:7      | Reached skill level 10 in Air Magic
  8547 | D:7      | Noticed Joseph
  8715 | D:7      | Found a staircase to the Ecumenical Temple.
  8763 | Temple   | Entered the Ecumenical Temple
  8774 | Temple   | Became a worshipper of Hepliaklqana the Forgotten
  8900 | D:7      | Killed Joseph
  9147 | D:8      | Noticed Maggie
  9151 | D:8      | Killed Maggie
  9396 | D:7      | Reached XP level 10. HP: 38/71 MP: 11/20
  9475 | D:8      | Identified the +8 hand axe "Zuaxotsaikh" {spect, *Corrode
                  | rF+ rN+}
  9663 | D:8      | Noticed Maurice
  9792 | D:8      | Killed Maurice
  9805 | D:8      | Reached skill level 11 in Air Magic
  9957 | D:8      | Noticed Erica
 10364 | D:8      | Killed Erica
 10365 | D:8      | Reached skill level 5 in Fighting
 10813 | D:9      | Reached skill level 5 in Dodging
 10924 | D:9      | Noticed a two-headed ogre
 10980 | D:9      | Reached * piety under Hepliaklqana
 11046 | D:9      | Killed a two-headed ogre
 11047 | D:9      | Reached skill level 1 in Armour
 11047 | D:9      | Reached XP level 11. HP: 74/74 MP: 2/23
 11467 | D:9      | Found a staircase to the Orcish Mines.
 11660 | D:9      | Identified 4 scrolls of acquirement
 11660 | D:9      | Acquired 463 gold pieces
 11662 | D:9      | Identified the "Hah Jerobb" (You acquired it on level 9 of
                  | the Dungeon)
 11662 | D:9      | Acquired the ring of Medeot {MP+9 Str+3 Int+6 SInv}
 11664 | D:9      | Acquired the amulet of the Threshing Gods {RegenMP Int+4}
 11666 | D:9      | Acquired the +0 pair of boots of Instinct {rElec Str+2}
 11929 | D:10     | Entered Level 10 of the Dungeon
 12497 | D:10     | Noticed Psyche
 12499 | D:10     | Killed Psyche
 12860 | D:10     | Noticed Fannar
 12882 | D:10     | Killed Fannar
 12892 | D:10     | Reached ** piety under Hepliaklqana
 12918 | D:10     | Remembered your ancestor MUOP as a battlemage
 12926 | D:10     | Reached skill level 5 in Armour
 13057 | D:10     | HP: 2/77 [gargoyle/stone arrow (28)]
 13058 | D:10     | Shot with an arrow by a centaur

Illustrated notes

Levels and vault maps discovered:
D:1:      beargit_arrival_diablo_church, layout_rooms,
          ebering_ecumenical_altar_rust, serial_curves, eino_curves_04,
          eino_curves_03, hangedman_decor_push, minivault_26
D:2:      layout_basic
D:3:      layout_rooms, kennysheep_path_1, uniq_ijyb
D:4:      minmay_evil_eye, layout_rooms, grunt_decor_cap
D:5:      layout_basic, mainiacjoe_overflow_big_doors
D:6:      nicolae_cairo_tiling, layout_loops_ring, slow_altar_2,
          nicolae_ossuary_entry_catacombs
D:7:      layout_loops_ring, minmay_temple_entry_enclosed_plants, uniq_joseph
D:8:      layout_rooms, grunt_ministairs_6, uniq_maurice, uniq_erica,
          uniq_maggie
D:9:      layout_rooms, david_orc_4
D:10:     layout_roguey [special_room_orc], minmay_joined_circles, uniq_psyche,
          uniq_fannar
Temple:   hellmonk_temple_of_storms

Skill      XL: |  1  2  3  4  5  6  7  8  9 10 11 |
---------------+----------------------------------+-----
Conjurations   | 1 2 |  2.0
Spellcasting   | 3 4 6 7 8 |  8.0
Air Magic      | 3 4 5 7 8 10 11 | 11.0
Fighting       | 1 2 3 4 6 8 |  8.0
Dodging        | 3 5 6 |  6.0
Armour         | 1 6 |  6.0
Stealth        | |  1.5

Action                     |  1- 3 |  4- 6 |  7- 9 | 10-12 || total
---------------------------+-------+-------+-------+-------++-------
  Melee: Unarmed           |    11 |       |       |       ||    11
         Dagger            |     8 |       |       |       ||     8
         Whip              |    10 |    10 |       |       ||    20
         Lajatang          |       |    29 |   252 |     2 ||   283
         Hand axe          |       |       |       |   111 ||   111
   Cast: Shock             |    85 |   146 |   227 |   192 ||   650
         Airstrike         |       |       |    26 |    57 ||    83
         Swiftness         |       |       |     1 |     1 ||     2
         Static Discharge  |       |       |     4 |    12 ||    16
 Invoke: Ancestor Identity |       |       |       |     4 ||     4
         Ancestor Life: Ba |       |       |       |     1 ||     1
  Evoke: Wand              |       |       |       |     3 ||     3
    Use: Scroll            |       |     3 |     2 |    12 ||    17
   Stab: Sleeping          |       |       |     1 |       ||     1
         Distracted        |       |       |       |     1 ||     1
 Armour: Robe              |    23 |    11 |       |       ||    34
         Leather armour    |       |    56 |   265 |    51 ||   372
         Swamp dragon scal |       |       |       |   125 ||   125
  Dodge: Dodged            |    31 |    40 |   198 |   149 ||   418
  Block: Buckler           |     5 |       |       |       ||     5

Table legend: (Time is in decaauts)
 A = Elapsed time spent in this place.
 B = Non-inter-level travel time spent in this place.
 C = Inter-level travel time spent in this place.
 D = Time resting spent in this place.
 E = Time spent auto-exploring this place.
 F = Levels seen in this place.
 G = Mean time per level.
                   A        B        C        D        E       F      G
               +--------+--------+--------+--------+--------+-----+--------+
         Total |  13222 |  12737 |    485 |   4302 |   5004 |  12 | 1101.8 |
       Dungeon |  12778 |  12304 |    474 |   4266 |   4918 |  10 | 1277.8 |
        Temple |     22 |     12 |     10 |      0 |      0 |   1 |   22.0 |
       Ossuary |    420 |    420 |      0 |     36 |     86 |   1 |  420.0 |
               +--------+--------+--------+--------+--------+-----+--------+

Top non-repeatable levels by time:
     D:7: 2019 daAuts
     D:2: 1687 daAuts
     D:4: 1409 daAuts
     D:9: 1293 daAuts
     D:1: 1206 daAuts
     D:6: 1205 daAuts
    D:10: 1138 daAuts
     D:5: 1101 daAuts
     D:8: 1062 daAuts
     D:3: 653 daAuts
 Ossuary: 420 daAuts
  Temple: 22 daAuts
